 Dungeon Crawl Stone Soup version 0.21-a0-153-g78480df (webtiles) character file.

52840 KristoblXynda the Carver (level 14, -12/83 HPs)
             Began as a Demonspawn Berserker on Aug 1, 2017.
             Was the Champion of Trog.
             Mangled by a very large slime creature (33 damage)
             ... on level 15 of the Dungeon.
             The game lasted 00:38:48 (15468 turns).

KristoblXynda the Carver (Demonspawn Berserker)    Turns: 15468, Time: 00:38:49

Health: -12/83     AC: 35    Str: 22      XL:     14   Next: 28%
Magic:  18/18      EV: 10    Int:  8 (9)  God:    Trog [******]
Gold:   731        SH: 13    Dex: 16 (18) Spells: 13/13 levels left

rFire    . . .     SeeInvis .   Q - +4 scimitar (flame)
rCold    . . .     Gourm    .   q - +0 shield
rNeg     + . .     Faith    .   C - +2 storm dragon scales
rPois    .         Spirit   .   u - +2 hat
rElec    +         Reflect  .   P - +1 cloak {MR+}
rCorr    .         Harm     .   K - +2 pair of gloves
MR       +++++     Clarity  +   e - +0 pair of boots
Stlth    ..........             T - amulet of the Four Winds {rN+ MR+++ Clar}
HPRegen  0.23/turn              H - +3 ring of strength
MPRegen  0.16/turn              a - +5 ring of protection

@: lethally poisoned (-12 -> -14), about to teleport
A: talons 2, molten scales 2, agile 1, clarity, deterioration 1, frail 1,
mutation resistance 1, powered by death 1, screaming 1, spiny 3
a: Berserk, Trog's Hand, Brothers in Arms, Burn Spellbooks, Renounce Religion


You were on level 15 of the Dungeon.
You worshipped Trog.
Trog was exalted by your worship.
You were hungry.

You visited 2 branches of the dungeon, and saw 16 of its levels.

You collected 731 gold pieces.

Inventory:

Hand Weapons
 v - the +8 lance "Wyrmbane" {slay drac, rPois rF+ rC+ AC+3}
   (You found it on level 12 of the Dungeon)

   It affects your AC (+3).
   It protects you from fire.
   It protects you from cold.
   It protects you from poison.
 Q - a +4 scimitar of flaming (weapon)
 R - a +1 double sword of freezing
Missiles
 L - 13 javelins (quivered)
Armour
 e - a +0 pair of boots (worn)
 q - a +0 shield (worn)
 u - a +2 hat (worn)
 C - +2 storm dragon scales (worn)
 K - a +2 pair of gloves (worn)
 P - a +1 cloak of magic resistance (worn)
Jewellery
 a - a +5 ring of protection (right hand)
 t - an uncursed ring of protection from fire
 x - an uncursed ring of stealth
 H - a +3 ring of strength (left hand)
 T - the amulet of the Four Winds (around neck) {rN+ MR+++ Clar}
   (You took it off a centaur on level 15 of the Dungeon)

   [amulet of nothing]

   It protects you from negative energy.
   It affects your resistance to hostile enchantments.
   It protects you against confusion.
Wands
 g - a wand of scattershot (0/9)
 B - a wand of acid (8/15)
 N - a wand of iceblast (5/15)
 U - a wand of iceblast (6/15)
 V - a wand of confusion (13/48)
Scrolls
 h - 2 scrolls of immolation
 j - 3 scrolls of remove curse
 l - 3 scrolls of fog
 o - 5 scrolls of amnesia
 D - 3 scrolls of recharging
 G - 2 scrolls of identify
Potions
 b - 4 potions of haste
 f - 4 potions of agility
 m - 5 potions of heal wounds
 p - 2 potions of cancellation
 s - 2 potions of resistance
 z - 7 potions of curing
 A - a potion of berserk rage
 O - 2 potions of flight
Books
 i - a book of Minor Magic

   Spells                             Type                      Level
   a - Magic Dart                     Conjuration                  1
   b - Blink                          Translocation                2
   c - Call Imp                       Summoning                    2
   d - Slow                           Hexes                        2
   e - Conjure Flame                  Conjuration/Fire             3
   f - Mephitic Cloud                 Conjuration/Poison/Air       3
   Trog disapproves of the use of such an item.
 n - Sif Muna's Grimoire of the Entourage and Darkness
   (You found it on level 12 of the Dungeon)

   Spells                             Type                      Level
   a - Animate Skeleton               Necromancy                   1
   b - Corpse Rot                     Necromancy                   2
   c - Sublimation of Blood           Necromancy                   2
   d - Summon Guardian Golem          Hexes/Summoning              3
   e - Call Canine Familiar           Summoning                    3
   f - Dragon's Call                  Summoning                    9
   Trog disapproves of the use of such an item.
 w - a book of Debilitation

   Spells                             Type                      Level
   a - Corona                         Hexes                        1
   b - Slow                           Hexes                        2
   c - Inner Flame                    Hexes/Fire                   3
   d - Portal Projectile              Hexes/Translocation          3
   e - Cause Fear                     Hexes                        4
   f - Leda's Liquefaction            Hexes/Earth                  4
   Trog disapproves of the use of such an item.
 y - a book of Minor Magic

   Spells                             Type                      Level
   a - Magic Dart                     Conjuration                  1
   b - Blink                          Translocation                2
   c - Call Imp                       Summoning                    2
   d - Slow                           Hexes                        2
   e - Conjure Flame                  Conjuration/Fire             3
   f - Mephitic Cloud                 Conjuration/Poison/Air       3
   Trog disapproves of the use of such an item.
 J - a book of Ice

   Spells                             Type                      Level
   a - Ice Form                       Ice/Transmutation            4
   b - Metabolic Englaciation         Hexes/Ice                    5
   c - Ozocubu's Refrigeration        Ice                          6
   d - Bolt of Cold                   Conjuration/Ice              6
   e - Freezing Cloud                 Conjuration/Ice/Air          6
   f - Simulacrum                     Ice/Necromancy               6
   Trog disapproves of the use of such an item.
 M - a book of Power

   Spells                             Type                      Level
   a - Iskenderun's Battlesphere      Conjuration/Charms           5
   b - Venom Bolt                     Conjuration/Poison           5
   c - Bolt of Magma                  Conjuration/Fire/Earth       5
   d - Iron Shot                      Conjuration/Earth            6
   e - Orb of Destruction             Conjuration                  7
   f - Spellforged Servitor           Conjuration/Summoning        7
   Trog disapproves of the use of such an item.
Miscellaneous
 I - a phantom mirror
 S - a lightning rod (4/4)
Comestibles
 c - 14 bread rations
 d - 10 fruits
 r - 4 meat rations
 E - 5 royal jellies


   Skills:
 - Level 3.0 Fighting
 + Level 13.4 Long Blades
 - Level 5.1 Throwing
 + Level 12.4 Armour
 - Level 4.0 Dodging
 + Level 11.6 Shields
 - Level 6.0 Evocations


You had 13 spell levels left.
You didn't know any spells.

Dungeon Overview and Level Annotations

Branches:
Dungeon (15/15)            Temple (1/1) D:4            Lair (0/6) D:9
    Orc (0/2) D:12         Vaults (0/5) D:13
 Depths: D:15

Altars:
Ashenzari
Cheibriados
Dithmenos
Elyvilon
Fedhas
Gozag
Hepliaklqana
Kikubaaqudgha
Makhleb
Nemelex Xobeh
Okawaru
Qazlal
Ru
Sif Muna
Trog
Uskayaw
Vehumet
Wu Jian
Xom
Yredelemnul
Zin
The Shining One


Innate Abilities, Weirdness & Mutations

You have razor-sharp toenails.
You are mostly covered in molten scales. (AC +3)
You regenerate a little health from kills.
You are completely covered in sharp spines.
You are agile. (Dex +2)
You possess an exceptional clarity of mind.
Your body sometimes deteriorates upon taking damage.
You are frail. (-10% HP)
You are somewhat resistant to further mutation.
You occasionally shout uncontrollably at your foes.


Message History

Unknown command.
You feel sick.
You slash the very large slime creature!
You burn the very large slime creature.
The very large slime creature is moderately wounded.
You feel sick.
The very large slime creature is struck by your spines.
The very large slime creature hits you!!
* * * LOW HITPOINT WARNING * * *
Your body deteriorates!
You feel clumsy.
The wind drake falls off the wall.
The tarantella changes into a wind drake!
You block the very large slime creature's attack.
You feel sick.
You feel sick.
As you read the scroll of teleportation, it crumbles to dust.
You feel strangely unstable.
You feel sick.
The very large slime creature is struck by your spines.
The very large slime creature hits you!!
You die...

.# #....# .# #'#..# .# ##.##.# .#
##...### .######
#.....############# .......
#.....#............ #######
##...#####......... # ##.##
.########## # ###@.# ... # #..J##
... # #.u## .. ######## . ##T##.#
#....... .. #....k# ##.##### ###
##.#..# #.# ####### #.#
##############..###########.#
............................#####


You could see a green ugly thing, a very large slime creature and a troll shaped
shifter.

Vanquished Creatures
  Fannar (D:12)
  Erolcha (D:13)
  A hydra (D:14)
  An ice dragon (D:14)
  7 centaur warriors
  A catoblepas (D:15)
  11 two-headed ogres
  2 tengu warriors
  3 unseen horrors (D:15)
  A glowing orange brain (D:15)
  A deep elf mage (D:15)
  A wizard (D:12)
  A necromancer (D:13)
  The ghost of 4thArraOfDagon the Fighter, a novice GnWn of Ru (D:8)
  Pikel (D:6)
  2 manticores
  8 ugly things
  5 large abominations (D:12)
  A cyclops (shapeshifter) (D:15)
  7 cyclopes
  3 centaur zombies
  Maurice (D:13)
  A black mamba (shapeshifter) (D:15)
  A gargoyle (D:10)
  An efreet (D:13)
  A tengu conjurer (D:15)
  A troll (D:12)
  A hornet (D:9)
  A meliai (shapeshifter) (D:15)
  Prince Ribbit (D:9)
  6 hippogriffs
  7 slime creatures
  7 small abominations (D:12)
  2 shadows
  2 centaur simulacra
  Sigmund (D:3)
  4 wyverns
  11 yaks
  2 hogs (D:8)
  2 vampires
  2 wraiths
  A human (D:8)
  A basilisk (D:9)
  6 vampire mosquitoes (D:13)
  Menkaure (D:6)
  A soldier ant (D:14)
  Edmund (D:6)
  A water moccasin (D:8)
  4 porcupines (D:9)
  7 orc warriors
  4 sky beasts
  4 ice beasts
  3 phantoms
  A black bear (D:11)
  2 eyes of draining
  9 ogres
  4 crocodiles
  22 centaurs
  3 big kobolds
  7 bullfrogs
  A wyvern zombie (D:11)
  6 scorpions
  3 wyvern skeletons
  3 killer bees (D:11)
  15 wights
  A vampire bat (D:5)
  3 howler monkeys (D:10)
  10 crimson imps
  3 bullfrog zombies
  2 quasits
  A wyvern simulacrum (D:15)
  2 jellies
  14 orc wizards
  3 bullfrog skeletons
  4 orc priests
  2 hounds
  4 centaur skeletons
  3 iguanas
  Jessica (D:2)
  6 worker ants
  A hound zombie (D:8)
  2 hound skeletons
  Robin (D:3)
  3 gnolls (D:5)
  A howler monkey skeleton (D:11)
  A worker ant zombie (D:5)
  15 adders
  2 shadow imps
  2 oozes
  2 adder skeletons
  4 dart slugs
  6 leopard geckos
  48 orcs
  4 ball pythons
  A bat (D:2)
  2 bat skeletons (D:5)
  3 bat zombies (D:5)
  9 giant cockroaches
  9 hobgoblins
  8 jackals
  3 quokkas
  7 frilled lizards
  2 giant cockroach zombies (D:5)
  19 goblins
  28 kobolds
  A quokka skeleton (D:5)
  7 rats
475 creatures vanquished.

Vanquished Creatures (collateral kills)
  The ghost of Patate the Warrior, a journeyman MiBe of Trog (D:11)
  A death knight (D:15)
  An ogre mage (D:15)
  A centaur warrior (D:15)
4 creatures vanquished.

Vanquished Creatures (others)
  A necromancer (D:13)
  An ice beast (D:6)
  A jelly (D:6)
  A leopard gecko (D:6)
  A plant (D:9)
5 creatures vanquished.

Grand Total: 484 creatures vanquished

Notes
Turn   | Place    | Note
-------+----------+-------------------------------------------
     0 | D:1      | KristoblXynda the Demonspawn Berserker began the quest for the Orb.
     0 | D:1      | Reached XP level 1. HP: 18/18 MP: 1/1
   412 | D:1      | Reached skill level 3 in Long Blades
   412 | D:1      | Gained mutation: You are partially covered in sharp spines. [demonic ancestry]
   412 | D:1      | Reached XP level 2. HP: 9/24 MP: 2/2
  1044 | D:2      | Reached ** piety under Trog
  1049 | D:2      | Reached XP level 3. HP: 17/29 MP: 3/3
  1293 | D:2      | Noticed Jessica
  1303 | D:2      | Killed Jessica
  1340 | D:2      | Gained mutation: You are mostly covered in sharp spines. [demonic ancestry]
  1340 | D:2      | Reached XP level 4. HP: 35/35 MP: 4/4
  1641 | D:3      | Noticed Sigmund
  1642 | D:3      | Found an iron altar of Okawaru.
  1651 | D:3      | Killed Sigmund
  1651 | D:3      | Reached skill level 4 in Long Blades
  1651 | D:3      | Reached XP level 5. HP: 41/41 MP: 5/5
  1792 | D:3      | Gained mutation: You are completely covered in sharp spines. [demonic ancestry]
  1792 | D:3      | Reached XP level 6. HP: 37/47 MP: 6/6
  1857 | D:3      | Found a white marble altar of Elyvilon.
  2159 | D:3      | Noticed Robin
  2160 | D:3      | Reached *** piety under Trog
  2172 | D:3      | Killed Robin
  3476 | D:4      | Gained mutation: You have sharp toenails. [demonic ancestry]
  3476 | D:4      | Reached XP level 7. HP: 47/52 MP: 7/7
  3509 | D:4      | Reached skill level 5 in Long Blades
  3730 | D:4      | Found a staircase to the Ecumenical Temple.
  3961 | Temple   | Entered the Ecumenical Temple
  4207 | D:5      | Entered Level 5 of the Dungeon
  4253 | D:5      | Reached skill level 1 in Throwing
  4396 | D:5      | Found a sacrificial altar of Ru.
  4522 | D:5      | Reached skill level 5 in Armour
  4686 | D:5      | Received a gift from Trog
  4686 | D:5      | Gained mutation: You regenerate a little health from kills. [demonic ancestry]
  4686 | D:5      | Reached XP level 8. HP: 34/58 MP: 8/8
  4894 | D:5      | Reached skill level 6 in Long Blades
  5016 | D:5      | Reached **** piety under Trog
  5022 | D:5      | Found an ancient bone altar of Kikubaaqudgha.
  5237 | D:6      | Noticed Edmund
  5253 | D:6      | Killed Edmund
  5452 | D:6      | Noticed Pikel
  5466 | D:6      | Killed Pikel
  5466 | D:6      | Reached skill level 7 in Long Blades
  5466 | D:6      | Gained mutation: You are partially covered in molten scales. (AC +2) [demonic ancestry]
  5466 | D:6      | Reached XP level 9. HP: 63/63 MP: 9/9
  5474 | D:6      | Noticed Menkaure
  5479 | D:6      | Killed Menkaure
  5673 | D:6      | Found a basalt altar of Yredelemnul.
  5677 | D:6      | Found a snail-covered altar of Cheibriados.
  5685 | D:6      | Found a bloodstained altar of Trog.
  5687 | D:6      | Found a deep blue altar of Sif Muna.
  5688 | D:6      | Found a stormy altar of Qazlal.
  5796 | D:7      | Found a hide-covered altar of Uskayaw.
  5797 | D:7      | Found a sparkling altar of Nemelex Xobeh.
  5865 | D:7      | Reached ***** piety under Trog
  6333 | D:7      | Found a bloodstained altar of Trog.
  6396 | D:7      | Reached skill level 5 in Throwing
  6396 | D:7      | Reached skill level 1 in Shields
  6526 | D:8      | Found a deep blue altar of Sif Muna.
  6569 | D:8      | Found a hazy altar of Hepliaklqana.
  6975 | D:8      | Noticed 4thArraOfDagon's ghost (novice GnWn)
  6987 | D:8      | Killed 4thArraOfDagon's ghost
  6987 | D:8      | Reached skill level 8 in Long Blades
  7338 | D:8      | Gained mutation: You are mostly covered in molten scales. (AC +3) [demonic ancestry]
  7338 | D:8      | Reached XP level 10. HP: 70/70 MP: 10/10
  7774 | D:8      | Noticed a two-headed ogre
  7786 | D:8      | Killed a two-headed ogre
  7994 | D:9      | Found a staircase to the Lair.
  8000 | D:9      | Reached skill level 9 in Long Blades
  8000 | D:9      | Reached skill level 5 in Shields
  8007 | D:9      | Noticed Prince Ribbit
  8211 | D:9      | Killed Prince Ribbit
  8847 | D:9      | Found a burning altar of Makhleb.
  8849 | D:9      | Noticed a blizzard demon
  9057 | D:10     | Entered Level 10 of the Dungeon
  9058 | D:10     | Noticed a centaur warrior
  9073 | D:10     | Killed a centaur warrior
  9073 | D:10     | Gained mutation: You have razor-sharp toenails. [demonic ancestry]
  9073 | D:10     | Reached XP level 11. HP: 69/75 MP: 11/11
  9116 | D:10     | Received a gift from Trog
  9759 | D:11     | Noticed a two-headed ogre
  9774 | D:11     | Killed a two-headed ogre
  9810 | D:11     | Reached skill level 10 in Long Blades
 10282 | D:11     | Reached skill level 10 in Armour
 10448 | D:11     | Noticed Patate's ghost (journeyman MiBe)
 10480 | D:11     | Killed Patate's ghost
 10480 | D:11     | Reached skill level 1 in Evocations
 10917 | D:12     | Found a staircase to the Orcish Mines.
 11002 | D:12     | Noticed Fannar
 11012 | D:12     | Killed Fannar
 11034 | D:12     | Reached XP level 12. HP: 38/81 MP: 14/14
 11091 | D:12     | Reached skill level 11 in Long Blades
 11098 | D:12     | Gained mutation: Armour fits poorly on your strangely shaped body. [mutagenic meat]
 11099 | D:12     | Gained mutation: You are agile. (Dex +2) [mutagenic meat]
 11100 | D:12     | Lost mutation: Armour fits poorly on your strangely shaped body. [potion of mutation]
 11100 | D:12     | Lost mutation: You are agile. (Dex +2) [potion of mutation]
 11100 | D:12     | Gained mutation: You occasionally shout uncontrollably at your foes. [potion of mutation]
 11100 | D:12     | Gained mutation: Your body sometimes deteriorates upon taking damage. [potion of mutation]
 11100 | D:12     | Gained mutation: You are somewhat resistant to further mutation. [potion of mutation]
 11444 | D:12     | Reached ****** piety under Trog
 11602 | D:12     | Reached skill level 5 in Evocations
 11652 | D:12     | Identified Sif Muna's Grimoire of the Entourage and Darkness
 11738 | D:13     | Gained mutation: You are agile. (Dex +2) [mutagenic meat]
 11964 | D:13     | Received a gift from Trog
 12056 | D:13     | Noticed a two-headed ogre
 12064 | D:13     | Killed a two-headed ogre
 12368 | D:13     | Found a gate to the Vaults.
 12411 | D:13     | Noticed Erolcha
 12426 | D:13     | Killed Erolcha
 12432 | D:13     | Noticed a two-headed ogre
 12438 | D:13     | Killed a two-headed ogre
 12475 | D:13     | Noticed Maurice
 12491 | D:13     | Killed Maurice
 12615 | D:13     | Noticed a centaur warrior
 12627 | D:13     | Killed a centaur warrior
 12627 | D:13     | Reached skill level 12 in Long Blades
 12667 | D:13     | Reached XP level 13. HP: 86/86 MP: 17/17
 13054 | D:14     | Gained mutation: You possess an exceptional clarity of mind. [mutagenic meat]
 13055 | D:14     | Gained mutation: You are frail. (-10% HP) [mutagenic meat]
 13170 | D:14     | Reached skill level 10 in Shields
 13214 | D:14     | HP: 4/115 [red ugly thing (17)]
 14080 | D:14     | Received a gift from Trog
 14155 | D:15     | Entered Level 15 of the Dungeon
 14353 | D:15     | Reached skill level 13 in Long Blades
 14635 | D:15     | Reached XP level 14. HP: 70/83 MP: 18/18
 15468 | D:15     | Mangled by a very large slime creature

Vault maps used:
D:1:      tarquinn_simple_flora_water_f, minmay_misc_feat_secret_circle
D:2:      first_bread, uniq_jessica
D:3:      kennysheep_goblin_castle, okawaru_metal_pillars_1_2,
          lemuel_coloured_pillars_altar, kennysheep_boxes, uniq_sigmund
D:4:      minmay_temple_entry_large_hall
D:5:      lemuel_doored_altar, kennysheep_vampire_church
D:6:      minitemple, uniq_menkaure, uniq_pikel, uniq_edmund
D:7:      grunt_temple_overflow_open, trog_hazing_becter
D:8:      nicolae_overflow_hidden_temple, basic_altar, grunt_livestock
D:9:      makhleb_altar_promises_db, minmay_lair_entry_grove,
          grunt_decor_one_mirror, uniq_prince_ribbit1
D:10:     serial_aquarium, aquarium_bridge_long_separate, aquarium_window_1,
          aquarium_window_fake, aquarium_view_2d, aquarium_balcony_5a,
          hangedman_abyss_or_decor_stabs
D:12:     orc_0_dummy, laboratory, uniq_fannar
D:13:     david_vaults_1, minivault_27, uniq_maurice, uniq_erolcha
D:14:     minmay_misc_feat_chi
D:15:     gammafunk_enter_depths_forms, dk_noncrumbling_3
Temple:   compressed_dpeg_triangle_lava_temple

Skill      XL: |  1  2  3  4  5  6  7  8  9 10 11 12 13 |
---------------+----------------------------------------+-----
Dodging        | 2 3 4 |  4.0
Long Blades    | 3 4 5 7 8 9 10 12 13 | 13.4
Armour         | 2 3 4 5 6 7 9 10 12 | 12.4
Throwing       | 2 4 5 |  5.1
Shields        | 3 6 8 9 11 | 11.6
Evocations     | 3 6 |  6.0
Fighting       | |  3.0

Action                   |  1- 3 |  4- 6 |  7- 9 | 10-12 | 13-15 || total
-------------------------+-------+-------+-------+-------+-------++-------
Melee: Falchion          |    59 |   111 |   167 |       |       ||   337
       Kick              |       |       |    67 |       |       ||    67
       Long sword        |       |       |   112 |   177 |       ||   289
       Scimitar          |       |       |       |   521 |   419 ||   940
Invok: Trog's Hand       |     1 |       |       |     1 |       ||     2
       Berserk           |       |     2 |    10 |     8 |     1 ||    21
       Brothers in Arms  |       |       |       |     1 |     1 ||     2
Evoke: Wand              |       |       |       |       |     3 ||     3
  Use: Scroll            |       |    12 |     5 |    12 |     5 ||    34
       Potion            |       |       |       |     4 |     1 ||     5
  Eat: Chunk             |     2 |     7 |    15 |    25 |     4 ||    53
       Fruit             |       |     1 |     1 |       |       ||     2
       Royal jelly       |       |       |     3 |       |     2 ||     5
       Meat ration       |       |       |       |     2 |     1 ||     3
Armor: Animal skin       |    17 |    13 |       |       |       ||    30
       Chain mail        |       |    38 |   135 |   190 |       ||   363
       Storm dragon scal |       |       |       |   155 |   217 ||   372
Dodge: Dodged            |    29 |    62 |    73 |   187 |   128 ||   479
Block: Shield            |       |    11 |   101 |   390 |   252 ||   754
       Rpst.: Falchion   |     9 |    20 |    18 |       |       ||    47
       Long sword        |       |       |     6 |    12 |       ||    18
       Scimitar          |       |       |       |    38 |    26 ||    64
